 Dungeon Crawl Stone Soup version 0.16-b1 (webtiles) character file.

4505 Fluffy the Charmwright (level 10, -3/68 HPs)
             Began as a High Elf Skald on Mar 14, 2015.
             Was a Priest of the Shining One.
             Slain by a yak (9 damage)
             ... on level 8 of the Dungeon.
             The game lasted 00:53:18 (10508 turns).

Fluffy the Charmwright (High Elf Skald)            Turns: 10508, Time: 00:53:18

Health: -3/68      AC: 13    Str: 11    XL:     10   Next: 16%
Magic:  17/27      EV: 16    Int: 20    God:    the Shining One [***...]
Gold:   454        SH:  0    Dex: 15    Spells: 4 memorised, 13 levels left

rFire  + . .     SeeInvis .     G - +2 great sword (protect)
rCold  + . .     Clarity  .     h - +2 robe {rF+}
rNeg   + . .     SustAb   .     (no shield)
rPois  +         Gourm    .     (no helmet)
rElec  .         Spirit   .     l - +1 cloak {rPois}
rCorr  .         Warding  .     (no gloves)
rMut   .         Stasis   .     B - +1 pair of boots
MR     +....                    (no amulet)
Stlth  +.........               A - +1 ring of slaying
                                f - ring of protection from cold

@: about to teleport, infused, singing, glowing, somewhat resistant to hostile
enchantments, very unstealthy
A: no striking features
a: Divine Shield, Renounce Religion, Stop Singing


You were on level 8 of the Dungeon.
You worshipped the Shining One.
The Shining One was most pleased with you.
You were not hungry.

You visited 2 branches of the dungeon, and saw 10 of its levels.
You also visited: Sewer.

You collected 454 gold pieces.

Inventory:

Hand weapons
 G - a +2 great sword of protection (weapon)
Armour
 h - a +2 robe of fire resistance (worn)
 l - a +1 cloak of poison resistance (worn)
 B - a +1 pair of boots (worn)
Magical staves
 k - an uncursed staff of wizardry
Jewellery
 f - a ring of protection from cold (left hand)
 A - a +1 ring of slaying (right hand)
 C - an uncursed ring of flight {unknown}
Scrolls
 g - a scroll of immolation
 p - a scroll of magic mapping
 q - 4 scrolls of remove curse
 s - 2 scrolls of fear
 v - a scroll of teleportation
 y - a scroll of blinking
 z - 5 scrolls of identify
 D - a scroll of recharging
Potions
 a - 2 potions of haste
 b - a potion of agility
 e - 5 potions of brilliance
 j - 2 potions of might
 m - 3 potions of ambrosia
 n - 3 potions of magic
 t - 3 potions of curing
 w - 2 potions of flight
Books
 c - a book of Battle

   Spells                             Type                      Level
   a - Infusion                       Charms                       1
   b - Shroud of Golubria             Charms/Translocation         2
   c - Song of Slaying                Charms                       2
   d - Spectral Weapon                Hexes/Charms                 3
   e - Regeneration                   Charms/Necromancy            3
 o - a book of Control

   Spells                             Type                      Level
   a - Control Teleport               Charms/Translocation         4
   b - Control Undead                 Necromancy                   4
   c - Enslavement                    Hexes                        4
   d - Metabolic Englaciation         Hexes/Ice                    5
   e - Mass Confusion                 Hexes                        6
Comestibles
 d - 9 bread rations
 i - 3 slices of pizza
 u - 5 fruits
 x - a meat ration
 E - 2 royal jellies


   Skills:
 + Level 6.0 Fighting
 + Level 7.2 Long Blades
 - Level 0.8 Armour
 + Level 6.3 Dodging
 - Level 6.3 Spellcasting
 + Level 2.6 Hexes
 + Level 7.8 Charms
 + Level 5.7 Translocations
 + Level 4.9 Invocations


You had 13 spell levels left.
You knew the following spells:

 Your Spells              Type           Power        Failure   Level  Hunger
a - Infusion              Chrm           #####.       1%          1    None
b - Song of Slaying       Chrm           #####...     1%          2    None
c - Shroud of Golubria    Chrm/Tloc      ####......   1%          2    None
d - Spectral Weapon       Hex/Chrm       ####....     4%          3    ##.....


Dungeon Overview and Level Annotations

Branches:
Dungeon (9/15)             Temple (1/1) D:4
   Lair: D:8-11         Orc: D:9-12

Altars:
Ashenzari
Cheibriados
Dithmenos
Elyvilon
Fedhas
Gozag
Kikubaaqudgha
Makhleb
Nemelex Xobeh
Okawaru
Qazlal
Ru
Sif Muna
Trog
Vehumet
Xom
Yredelemnul
Zin
The Shining One

Shops:
D:6 :   D:7 [

Annotations:
D:2 Sigmund


Message History

Casting: Song of Slaying
Confirm with . or Enter, or press ? or * to list all spells.
Space distorts slightly along a thin shroud covering your body.
The yak barely misses you. The yak misses you.
Casting: Shroud of Golubria
Confirm with . or Enter, or press ? or * to list all spells.
You begin infusing your attacks with magical energy.
The yak closely misses you. The yak gores you!
* * * LOW HITPOINT WARNING * * *
Your shroud falls apart!
Casting: Infusion
Confirm with . or Enter, or press ? or * to list all spells.
Space distorts slightly along a thin shroud covering your body.
The yak closely misses you. The yak gores you!
* * * LOW HITPOINT WARNING * * *
Your shroud falls apart!
Read which item? (? for menu, Esc to quit)
As you read the scroll of teleportation, it crumbles to dust.
You feel strangely unstable. The yak gores you!
You die...

#.#.########.# #.
#.#.# #.# #. #.#.#
###.# #. #.#.#
#...# #. #.#.#
#.### ## #.#[# #.#
#.#Y# #.#
#.#Y##############
#.#@Y............#
#.##############.#
#........# #.#
########.# #.# #.#
#.# #.# #.#
#.#######.#
#.........#
#########.#


You could see 3 yaks.

Vanquished Creatures
  A two-headed ogre (D:8)
  A hippogriff (D:8)
  3 yaks (D:9)
  Eustachio (D:7)
  A hungry ghost (D:8)
  3 ice beasts
  A sky beast (D:7)
  4 phantoms
  The ghost of BLOAX the Ruffian, an average HOAM (D:3)
  2 orc warriors
  An ogre (D:4)
  5 centaurs
  4 big kobolds (Sewer)
  3 giant frogs
  3 scorpions
  5 wights (D:8)
  2 quasits (D:8)
  A crimson imp (D:6)
  A centaur skeleton (D:7)
  A giant frog zombie (D:6)
  A goliath beetle (D:7)
  3 orc priests
  4 hounds
  6 orc wizards
  11 worker ants
  Ijyb (D:7)
  8 gnolls
  14 adders
  A river rat (Sewer)
  4 oozes
  30 orcs
  A bat zombie (D:7)
  4 giant cockroaches
  10 hobgoblins
  7 jackals
  15 kobolds
  A quokka (D:4)
  5 ball pythons
  20 bats
  7 giant geckos
  5 giant newts
  18 goblins
  15 rats
  A ballistomycete (D:7)
236 creatures vanquished.

Vanquished Creatures (others)
  3 spectral weapons (D:9)
  An orc (D:7)
  A giant spore (D:7)
  A plant (D:9)
6 creatures vanquished.

Grand Total: 242 creatures vanquished

Notes
Turn   | Place    | Note
--------------------------------------------------------------
     0 | D:1      | Fluffy, the High Elf Skald, began the quest for the Orb.
     0 | D:1      | Reached XP level 1. HP: 14/14 MP: 4/4
   314 | D:1      | Reached XP level 2. HP: 12/19 MP: 1/6
   318 | D:1      | Learned a level 2 spell: Song of Slaying
   321 | D:1      | Learned a level 2 spell: Shroud of Golubria
   762 | D:1      | Reached skill level 4 in Charms
   810 | D:1      | Found a shimmering altar of Xom.
   972 | D:1      | Reached XP level 3. HP: 20/24 MP: 5/8
  1633 | D:2      | Found an opulent altar of Gozag.
  1720 | D:2      | Found an iron altar of Okawaru.
  1731 | D:2      | Found an ancient bone altar of Kikubaaqudgha.
  1740 | D:2      | Noticed Sigmund
  1921 | D:2      | Found a bloodstained altar of Trog.
  1921 | D:2      | Found a basalt altar of Yredelemnul.
  1947 | D:2      | Found a radiant altar of Vehumet.
  2048 | D:3      | Noticed BLOAX's ghost (average HOAM)
  2077 | D:3      | Killed BLOAX's ghost
  2077 | D:3      | Reached XP level 4. HP: 7/30 MP: 4/12
  2429 | D:3      | Reached XP level 5. HP: 35/35 MP: 9/14
  3175 | D:4      | Noticed a phantom
  3451 | D:4      | Killed a phantom
  3451 | D:4      | Reached skill level 1 in Translocations
  3539 | D:4      | Reached skill level 5 in Charms
  3539 | D:4      | Reached XP level 6. HP: 23/42 MP: 12/17
  4037 | D:4      | Noticed a phantom
  4094 | D:4      | Killed a phantom
  4331 | D:4      | Reached XP level 7. HP: 33/46 MP: 12/20
  4735 | D:4      | Found a staircase to the Ecumenical Temple.
  4744 | Temple   | Entered the Ecumenical Temple
  4973 | Temple   | Became a worshipper of the Shining One
  5374 | D:5      | Entered Level 5 of the Dungeon
  5739 | D:5      | Found a glowing drain.
  5779 | Sewer    | Entered a sewer
  6117 | Sewer    | Reached skill level 5 in Long Blades
  6117 | Sewer    | Reached skill level 1 in Invocations
  6229 | Sewer    | Acquired the Shining One's first power
  6242 | Sewer    | Reached skill level 5 in Spellcasting
  6242 | Sewer    | Reached XP level 8. HP: 49/54 MP: 12/22
  6388 | D:5      | Reached skill level 6 in Charms
  6568 | D:5      | Got a crystal war axe
  6569 | D:5      | Identified the +5 war axe "Ytai" {drain, rPois MP+9} (You found it on level 5 of the Dungeon)
  7444 | D:6      | Found Twynax's Book Shoppe.
  7634 | D:6      | Reached skill level 5 in Dodging
  7885 | D:7      | Found Erecsiurr's Armour Shoppe.
  7974 | D:7      | Reached skill level 5 in Fighting
  8035 | D:7      | Reached XP level 9. HP: 61/61 MP: 25/25
  8044 | D:7      | Noticed Eustachio
  8065 | D:7      | Killed Eustachio
  8261 | D:7      | Noticed Ijyb
  8274 | D:7      | Killed Ijyb
  8507 | D:7      | Acquired the Shining One's second power
  8747 | D:8      | Reached skill level 7 in Charms
  8747 | D:8      | Reached skill level 5 in Translocations
  8995 | D:8      | Found a burning altar of Makhleb.
  9009 | D:8      | Found a glowing silver altar of Zin.
  9009 | D:8      | Noticed an Executioner
  9009 | D:8      | Noticed an angel
  9029 | D:8      | Learned a level 3 spell: Spectral Weapon
  9577 | D:8      | Reached skill level 1 in Hexes
  9724 | D:8      | Reached XP level 10. HP: 50/68 MP: 24/27
 10213 | D:8      | HP: 1/68 [giant frog (7)]
 10508 | D:8      | Slain by a yak

Action                   |  1- 3 |  4- 6 |  7- 9 | 10-12 || total
-------------------------+-------+-------+-------+-------++-------
Melee: Falchion          |   115 |   171 |   564 |       ||   850
       Long sword        |       |       |   125 |       ||   125
       Great sword       |       |       |       |    39 ||    39
 Cast: Infusion          |    18 |    13 |    27 |     2 ||    60
       Shroud of Golubri |     4 |    10 |    42 |    10 ||    66
       Song of Slaying   |       |     1 |    19 |     3 ||    23
       Spectral Weapon   |       |       |     5 |     4 ||     9
  Use: Scroll            |     7 |     1 |     8 |     1 ||    17
       Potion            |     4 |       |     2 |     2 ||     8
 Stab: Sleeping          |     2 |       |       |       ||     2
  Eat: Chunk             |     4 |     8 |    19 |     2 ||    33
